[Event "Vidmar Memorial 20th"]
[Site "Bled"]
[Date "2016.06.25"]
[Round "2"]
[White "Naiditsch, Arkadij"]
[Black "Nisipeanu, Liviu Dieter"]
[Result "0-1"]
[ECO "C10"]
[WhiteElo "2657"]
[BlackElo "2668"]
[Annotator "CB"]
[PlyCount "52"]
[EventDate "2016.06.24"]
[EventType "tourn"]
[EventRounds "9"]
[EventCountry "SLO"]
[EventCategory "15"]
[SourceTitle "CBM 173"]
[Source "ChessBase"]
[SourceDate "2016.07.12"]
[SourceVersion "1"]
[SourceVersionDate "2016.07.12"]
[SourceQuality "1"]
[TimeControl "6000+1100"]
[WhiteClock "0:11:39"]
[BlackClock "0:13:30"]

1. e4 e6 2. d4 d5 3. Nc3 Nf6 4. Bg5 dxe4 5. Nxe4 Nbd7 6. Nf3 h6 7. Nxf6+ Nxf6
8. Bxf6 (8. Bh4 {ist die Hauptvariante}) 8... Qxf6 9. Bb5+ c6 10. Bd3 Bd6 11.
Qe2 Bd7 {Schwarz hat das Läuferpaar, steht dafür allerdings passiv und muss
versuchen sich mittels ...c5 oder ...e5 zu befreien.} 12. O-O-O O-O-O 13. Kb1
Kb8 14. Be4 {Diagramm [#]} e5 $5 $146 (14... g5 {die Koryphäe der
Französischen Verteidigung, Viktor Kortschnoj, behandelte die Stellung weniger
konkret und fuhr damit ebenfalls gut.} 15. Nd2 Qe7 16. Nc4 f5 17. Bd3 c5 18.
dxc5 Bxc5 19. Ne5 Rhg8 20. Nxd7+ {1/2-1/2 (20) Svidler,P (2695)-Kortschnoj,V 
(2617) Biel 2001}) 15. dxe5 Bxe5 16. Bxc6 Bxc6 17. Nxe5 Bxg2 18. Rhe1 Bh3 {
Weiß hat etwas Initiative, Schwarz jedoch die bessere Struktur und einen
potentiell sehr starken Läufer} 19. c4 $2 {Ein unerklärlicher Aussetzer
Naiditschs} (19. b3 Rhe8 20. Rxd8+ Rxd8 21. Qe3 Be6 {und die schwarze Stellung
gefällt etwas besser}) 19... Rxd1+ 20. Rxd1 Re8 21. Rd5 Be6 {und die weiße
Stellung ist bereits schwierig} 22. Ra5 $2 (22. Rd4 Bf5+ ) (22.
Qe3 $142 Qh4 $13 (22... Bxd5 23. Nd7+ Kc8 24. Qxe8+ Qd8 25. Qxd8+ Kxd8 26. Nc5
Bxc4 27. Nxb7+ Kd7 $15)) 22... Qf5+ 23. Ka1 Qf4 24. Qd1 Qxf2 25.
c5 Bd5 26. Nd3 Qe2 0-1

[Event "Metz op 31th"]
[Site "Metz"]
[Date "2013.04.23"]
[Round "5"]
[White "Philippe, Christophe"]
[Black "Degraeve, Jean Marc"]
[Result "1/2-1/2"]
[ECO "C10"]
[WhiteElo "2384"]
[BlackElo "2567"]
[Annotator "Metz Alekhine/Primel,D"]
[PlyCount "102"]
[EventDate "2013.04.20"]
[EventType "swiss"]
[EventRounds "9"]
[EventCountry "FRA"]
[SourceTitle "EXT 2016"]
[Source "ChessBase"]
[SourceDate "2015.10.08"]
[SourceVersion "1"]
[SourceVersionDate "2015.10.08"]
[SourceQuality "1"]
[TimeControl "40/5400:1800+30"]
[WhiteClock "1:30:00"]
[BlackClock "1:30:00"]

1. e4 e6 2. d4 d5 3. Nc3 Bb4 4. exd5 Qxd5 (4... exd5) 5. Nf3 Nf6 6. Bd3 b6 7.
O-O Bxc3 8. bxc3 Bb7 9. c4 Qh5 (9... Qd6 10. a4 c5 11. Re1 cxd4
12. Ba3 Qf4 13. Ne5 Nbd7 14. Bd6 Nxe5 15. Rxe5 Qh4 16. c5 O-O-O 17. h3 Rxd6 18.
cxd6 Qf4 19. Re1 a5 20. Qe2 Rd8 21. Ba6 Rxd6 22. Ra3 Rc6 23. Rg3 Nd5 24. Rxg7
Nb4 25. Bd3 Rc5 26. Bxh7 Kb8 27. Qg4 Qf6 28. Qg3+ Ka7 29. Rg8 e5 30. h4 Nxc2
31. Bxc2 Rxc2 32. Rxe5 Rc3 33. Qg5 Qc6 34. Re7 Rc5 35. Qf4 d3 36. Rxf7 Rd5 37.
Rgg7 d2 38. Rxb7+ Qxb7 39. Rxb7+ {Matlakov,M (2673)-Pridorozhni,A (2541)
Khanty-Mansiysk 2012 1/2-1/2}) 10. d5 $146 {[%csl Re8][%cal Gf1e1,Ge1e8] Une
nouveauté intéressante} (10. Be2 h6 {Rozentalis,E (2605)-Westerinen,H (2378)
Gausdal Byggern Masters 2006 (2) 1-0}) 10... O-O 11. Re1 (11. Be2 exd5 12. Ng5
$44 ) 11... Nbd7 12. Ba3 Rfe8 13. dxe6 fxe6 14. Nd4 {La paire de B
des Blancs compense la mauvaise structure} Qxd1 15. Raxd1 Kf7 16. Nb5 Rec8 17.
Re3 a6 18. Nd4 Re8 (18... e5 $143 19. Nf3 e4 20. Ng5+) 19. Rde1 $14 e5 20. Nf3
e4 21. Ng5+ Kg6 22. Nxe4 Bxe4 23. Bxe4+ Nxe4 24. Rxe4 Rxe4 25. Rxe4 {Les
Blancs ont gagné un P mais la mauvaise structure de l'aile-dame donne des
chances réduites de gain} Nf6 26. Rd4 Re8 27. Kf1 c5 28. Rd6 Re4 29. Rxb6 Rxc4
30. Bb2 (30. Rb2 $2 ) 30... Rxc2 31. Bxf6 gxf6 32. Rxa6 {Les
Blancs ont progressé en liquidant l'aile-dame mais le P passé "c" est trés
rapide} c4 33. Rc6 (33. a4 Ra2 34. a5 c3 35. Rc6 c2 36. Ke1) 33... Rxa2 34.
Rxc4 h5 35. g3 (35. h4 ) 35... Rb2 36. Kg2 Ra2 37. h4 Rb2 38. Rf4 (
38. Ra4 Rc2 39. Ra8) 38... Ra2 39. Re4 Rb2 40. Kf3 Ra2 41. Ke3 Rb2 42. Ra4 Rc2
43. f3 Rc1 44. Kf4 $16 Rb1 45. g4 hxg4 46. fxg4 Rf1+ 47. Kg3 Rg1+
48. Kf2 (48. Kh2 Rb1) 48... Rh1 $132 49. Kg3 Rg1+ 50. Kh2 Rb1 51. Kg3 Rg1+
1/2-1/2

[Event "Grenke Chess Classic 4th"]
[Site "Karlsruhe/Baden-Baden"]
[Date "2017.04.17"]
[Round "3"]
[White "Caruana, Fabiano"]
[Black "Meier, Georg"]
[Result "1-0"]
[ECO "C10"]
[WhiteElo "2817"]
[BlackElo "2621"]
[Annotator "Moradiabadi,E"]
[PlyCount "69"]
[EventDate "2017.04.15"]
[EventType "tourn"]
[EventRounds "7"]
[EventCountry "GER"]
[EventCategory "20"]
[SourceTitle "CBM 178"]
[Source "ChessBase"]
[SourceDate "2017.05.14"]
[SourceVersion "1"]
[SourceVersionDate "2017.05.14"]
[SourceQuality "1"]
[TimeControl "60"]

1. e4 e6 2. d4 d5 3. Nc3 dxe4 {[%emt 0:00:02] George Meier is the
world's leading expert in this line.} 4. Nxe4 Nd7 5. Nf3 Ngf6 6. Nxf6+ Nxf6 7. Be3 {[%emt 0:00:11] My knowledge of this opening is a
bit rusty but my recollection tells me that this is the sharpest line in this
variation with players castling on opposite sides most of the time.} Bd6 {
[%emt 0:00:25] Meier goes for the most principled continuation.} 8. Bd3 O-O 9. Qe2 b6 10. O-O-O Bb7 11. Kb1 c5 12. Bg5 h6 13. Bh4 {[%emt 0:
00:00] Caruana deviates from Meier's game earlier this year where he lost to
Estonian GM Kaido Kulaots. He does not want to test Meier's improvement over
his game and he is already sure h4 is not going to work in this game.} (13. h4
cxd4 14. Nxd4 Be7 15. Bxf6 Bxf6 16. Nxe6 fxe6 17. Qxe6+ Kh8 18. Qf5 g6 19. Qxg6
Qc7 20. Qxh6+ Kg8 21. Qg6+ Kh8 22. Bf5 Bc8 23. Qh5+ Kg8 24. Rd7 {1-0 (24)
Kulaots,K (2564)-Meier,G (2648) Sweden 2017}) 13... Rc8 14. c3 Be7 {[%emt 0:06:00] Meier spends some time while Caruana is
still blitzing his moves. It seems that c3 may not have been part of Meier's
preparation.} 15. Bg3 cxd4 16. Nxd4 Rc5 $1 {[%emt 0:02:15] Played quickly and accurately! Meier is not
only an opening expert but he has a deep understanding of the position. The
queen will move and the other rook will occupy the d-file.} 17. Rhe1 Qc8 18. Be5 {[%emt 0:07:22] Fabiano's moves are all
good according to the engines!} Nd7 {[%emt 0:32:55] The position is hard and
it is not easy to find a move for Black. Meier's play is good but he has to
spend a lot of time to check on many things. He is caught in a balanced yet
unclear position. A feat for Fabiano and not exactly what Meier had in mind.}
19. Bf4 Nf6 20. h4 {[%emt 0:39:50] Now g4-g5
is a threat.} Rd8 21. Be5 (21. g4 $2 Nd5 22.
Bg3 Rxc3 {with a great position for Black.}) 21... h5 $1 {[%emt 0:15:02]
Another excellent stopping move.} 22. f3 Bd6 $2 {[%emt 0:04:
17] With time pressure coming, Meier makes a bad mistake by letting his king
be exposed.} (22... Nd7 {was again a choice.} 23. Bg3 Nf6 {Meier might have
missed} 24. Nf5 $6 exf5 25. Qxe7 Nd5 26. Qg5 f4 $17 {with devastating
horizontal effect!}) 23. Bxf6 gxf6 24. Qe3 Kg7 25. f4 $1 {[%emt 0:02:39] Great play now .
..Rg8 is forced.} Rg8 26. Bc2 Bb8 (26... Bf8 {is ugly but at least covers Black's king.}) 27. Bb3 $5 {
[%emt 0:08:39] Fabiano targets e6} f5 28. Nxe6+ $1 {[%emt 0:
00:00] And he sees that his attack is crushing! Now Black's king is exposed
and White's pieces are all going to swarm over Black's.} fxe6 29. Qd4+ Kh7 30. Rxe6 Be4+ 31. Ka1 Rg7 32. Qf6 Bxf4 33. Rd8 Qa6 34.
Ree8 {[%emt 0:01:23] Fabiano misses a mate but his move is good enough for a
win!} (34. Rh8+ Kxh8 35. Re8+ Kh7 36. Bg8+ Rxg8 (36... Kh8 37. Bf7+ Kh7 38.
Bg6+ Rxg6 39. Rh8#) 37. Re7+ Rg7 38. Qxg7#) 34... Qf1+ 35. Bd1 1-0